 Dungeon Crawl Stone Soup version 0.27.0-65-ge2af304b15 (webtiles) character file.

Game seed: 9424838982490542715

11201 Ishikawa the Basher (level 11, -6/97 HPs)
             Began as a Minotaur Fighter on Aug 18, 2021.
             Was a Follower of Wu Jian.
             Mangled by a four-headed hydra (13 damage)
             ... on level 2 of the Lair of Beasts.
             The game lasted 00:25:56 (12782 turns).

Ishikawa the Basher (Minotaur Fighter)             Turns: 12782, Time: 00:25:56

Health: -6/97      AC: 18    Str: 21    XL:     11   Next: 46%
Magic:  10/10      EV:  9    Int:  5    God:    Wu Jian [*.....]
Gold:   683        SH: 12    Dex: 13    Spells: 10/10 levels left

rFire    . . .     SeeInvis .   l - +5 whip (freeze)
rCold    . . .     Faith    .   c - +0 kite shield
rNeg     . . .     Spirit   .   E - +1 chain mail
rPois    .         Reflect  .   (helmet restricted)
rElec    .         Harm     .   t - +0 cloak
rCorr    .         Rampage  .   s - +2 pair of gloves
Will     .....                  (no boots)
Stlth    ..........             (no amulet)
HPRegen  0.26/turn              (no ring)
MPRegen  0.12/turn              (no ring)

@: no status effects
A: horns 2, retaliatory headbutt
a: Renounce Religion


You were on level 2 of the Lair of Beasts.
You worshipped Wu Jian.
Wu Jian was aware of your devotion.
You visited 3 branches of the dungeon, and saw 13 of its levels.

You collected 683 gold pieces.

Inventory:

Hand Weapons
 a - a +0 trident
 l - a +5 whip of freezing (weapon)
 C - a +0 whip of electrocution
 F - a +5 spear
 H - a +4 long sword
Armour
 b - a +0 scale mail
 c - a +0 kite shield (worn)
 p - a +0 scale mail
 s - a +2 pair of gloves (worn)
 t - a +0 cloak (worn)
 D - a +1 robe of willpower
 E - a +1 chain mail (worn)
 N - a +0 plate armour
Jewellery
 h - a ring of magical power
 K - a +6 ring of intelligence
 O - a ring of ice
Wands
 i - a wand of polymorph (15)
 k - a wand of flame (23)
 y - a wand of acid (11)
 L - a wand of paralysis (8)
Scrolls
 f - 4 scrolls of identify
 g - a scroll of immolation
 j - 3 scrolls of enchant armour
 m - a scroll of fog {unknown}
 n - a scroll of brand weapon {unknown}
 o - 2 scrolls of enchant weapon {unknown}
 q - a scroll of magic mapping
 u - a scroll of noise {unknown}
 G - 2 scrolls of acquirement {unknown}
 J - 2 scrolls of teleportation
 M - 4 scrolls of fear {unknown}
 P - a scroll of summoning {unknown}
 Q - a scroll of amnesia {unknown}
Potions
 d - a potion of might
 e - 3 potions of curing
 r - a potion of lignification
 v - a potion of ambrosia
 w - a potion of brilliance {unknown}
 x - 2 potions of haste
 z - a potion of degeneration
 A - a potion of attraction
 B - a potion of mutation {unknown}
 I - 2 potions of flight {unknown}


   Skills:
 * Level 9.3 Fighting
 * Level 11.8 Maces & Flails
 - Level 3.2 Polearms
 * Level 11.1 Armour
 * Level 6.6 Dodging
 * Level 10.2 Shields


You had 10 spell levels left.
You didn't know any spells.
Your spell library contained the following spells:

 Spells                   Type           Power      Damage    Failure   Level
 Beastly Appendage        Tmut           0%         N/A       99%         1
 Sting                    Tmut/Pois      0%         1d3       99%         1
 Summon Small Mammal      Summ           0%         N/A       99%         1
 Poisonous Vapours        Pois/Air       0%         N/A       100%        2
 Wereblood                Tmut           0%         N/A       100%        2
 Call Canine Familiar     Summ           0%         N/A       100%        3
 Gell's Gravitas          Tloc           0%         N/A       100%        3
 Lesser Beckoning         Tloc           0%         N/A       100%        3
 Portal Projectile        Hex/Tloc       0%         N/A       100%        3
 Spider Form              Tmut/Pois      0%         N/A       100%        3
 Summon Guardian Golem    Hex/Summ       0%         N/A       100%        3
 Teleport Other           Tloc           0%         N/A       100%        3
 Leda's Liquefaction      Hex/Erth       0%         N/A       100%        4
 Olgreb's Toxic Radiance  Pois           0%         N/A       100%        4


Dungeon Overview and Level Annotations

Branches:
Dungeon (10/15)            Temple (1/1) D:7            Lair (2/6) D:8
  Swamp: Lair:2-4    Shoals: Lair:2-4     Snake: Lair:2-4    Spider: Lair:2-4
    Orc: D:9-12

Altars:
Ashenzari
Cheibriados
Dithmenos
Elyvilon
Fedhas
Gozag
Hepliaklqana
Kikubaaqudgha
Makhleb
Nemelex Xobeh
Okawaru
Qazlal
Ru
Sif Muna
Trog
Uskayaw
Vehumet
Wu Jian
Xom
Yredelemnul
Zin
The Shining One

Annotations:
D:5 1 runed translucent door


Innate Abilities, Weirdness & Mutations

You have a pair of horns on your head.
You reflexively headbutt those who attack you in melee.


Message History

You completely miss the basilisk.
The basilisk is almost dead.
The four-headed hydra bites you!
* * * LOW HITPOINT WARNING * * *
The four-headed hydra barely misses you.
The four-headed hydra bites you but does no damage.
You block the four-headed hydra's attack.
The basilisk gazes at you. You resist with some effort.
You hit the basilisk but do no damage.
The basilisk is almost dead.
The four-headed hydra bites you.
* * * LOW HITPOINT WARNING * * *
The four-headed hydra bites you!
* * * LOW HITPOINT WARNING * * *
The four-headed hydra bites you but does no damage.
You block the four-headed hydra's attack.
You whack the basilisk!
The basilisk seems to slow down.
You freeze the basilisk.
You kill the basilisk!
The Council accepts your kill.
You whack the four-headed hydra!
The four-headed hydra seems to slow down.
You freeze the four-headed hydra.
Your headbutt misses the four-headed hydra.
The four-headed hydra is moderately wounded.
The four-headed hydra bites you but does no damage. x2
The four-headed hydra bites you.
* * * LOW HITPOINT WARNING * * *
The four-headed hydra bites you.
* * * LOW HITPOINT WARNING * * *
You whack the four-headed hydra!
The four-headed hydra seems to slow down.
You freeze the four-headed hydra.
Your headbutt misses the four-headed hydra.
The four-headed hydra is heavily wounded.
You barely miss the four-headed hydra.
The four-headed hydra is heavily wounded.
The four-headed hydra bites you!
You die...

# ... ##.
#.. ...#..
#.#..#
#....## #
#...#.##
.#P##...>.##
.......@.(P#
#.....D....#
.##...#...P#
....P.....##
.#........#
##.#...###
#......
#..#...
#..#...


You could see a four-headed hydra (slow).

Vanquished Creatures
  Fannar (D:10)
  A hydra (Lair:1)
  2 two-headed ogres (D:9)
  Pikel (D:5)
  A cane toad (Lair:2)
  A rime drake (Lair:1)
  A troll (D:10)
  A polar bear (Lair:1)
  2 hornets (D:7)
  A vampire (D:9)
  2 wraiths
  A basilisk (Lair:2)
  9 yaks (Lair:1)
  2 steam dragons
  2 acid dragons
  3 water moccasins
  Duvessa (D:5)
  3 orc warriors
  2 ice beasts
  A hornet zombie (D:7)
  A necrophage (D:6)
  A sky beast (D:7)
  5 black bears
  A phantom (D:4)
  2 centaurs (D:9)
  A lemure (D:5)
  5 bullfrogs
  Blork the orc (D:4)
  A wyvern zombie (D:6)
  A scorpion (D:6)
  Dowan (D:5)
  A water moccasin zombie (D:5)
  3 killer bees (D:9)
  4 wights (D:6)
  2 electric eels
  7 howler monkeys
  4 centaur zombies
  A centaur skeleton (D:5)
  A gnoll shaman (D:8)
  3 jellies
  3 orc priests
  5 hounds
  8 orc wizards
  4 iguanas
  5 killer bee zombies
  A mummy (D:7)
  Robin (D:2)
  3 gnolls (D:8)
  4 adders
  An ufetubus (D:6)
  A worm (D:5)
  An adder skeleton (D:4)
  The ghost of Descartes the Sneak, a weakling FeDe (D:5)
  29 orcs
  2 bats
  4 endoplasms
  6 giant cockroaches
  10 goblins
  9 hobgoblins
  11 jackals
  3 quokkas
  3 ball pythons
  3 frilled lizards
  7 kobolds
  3 rats
212 creatures vanquished.

Vanquished Creatures (others)
  2 plants (Lair:2)
2 creatures vanquished.

Grand Total: 214 creatures vanquished

Notes
Turn   | Place    | Note
-------+----------+-------------------------------------------
     0 | D:1      | Ishikawa the Minotaur Fighter began the quest for the Orb.
     0 | D:1      | Reached XP level 1. HP: 19/19 MP: 0/0
   239 | D:1      | Reached XP level 2. HP: 27/27 MP: 1/1
   983 | D:2      | Reached XP level 3. HP: 33/33 MP: 2/2
  1407 | D:2      | Found a faded altar of an unknown god.
  1431 | D:2      | Noticed Robin
  1512 | D:2      | Killed Robin
  1513 | D:2      | Reached skill level 1 in Dodging
  2003 | D:3      | Reached XP level 4. HP: 40/40 MP: 3/3
  2132 | D:3      | Found a blossoming altar of Fedhas.
  2314 | D:3      | Found a hazy altar of Hepliaklqana.
  2315 | D:3      | Found a shimmering altar of Xom.
  2319 | D:3      | Noticed a spectral ugly thing
  2523 | D:4      | Noticed Blork the orc
  2533 | D:4      | Killed Blork the orc
  2534 | D:4      | Reached skill level 1 in Maces & Flails
  2534 | D:4      | Reached XP level 5. HP: 38/47 MP: 4/4
  2670 | D:4      | Reached skill level 5 in Armour
  2903 | D:4      | Noticed a black bear
  2912 | D:4      | Killed a black bear
  2913 | D:4      | Reached XP level 6. HP: 53/53 MP: 5/5
  2924 | D:4      | Noticed a water moccasin
  2954 | D:4      | Killed a water moccasin
  3066 | D:4      | Reached skill level 5 in Shields
  3286 | D:4      | Found a shimmering blue altar of Sif Muna.
  3552 | D:5      | Entered Level 5 of the Dungeon
  3631 | D:5      | Found an ancient bone altar of Kikubaaqudgha.
  3698 | D:5      | Reached skill level 5 in Fighting
  3698 | D:5      | Reached XP level 7. HP: 61/61 MP: 6/6
  3755 | D:5      | Found a runed translucent door.
  3756 | D:5      | Noticed Descartes's ghost (weakling FeDe)
  3770 | D:5      | Killed Descartes's ghost
  3775 | D:5      | Found a runed translucent door.
  3818 | D:5      | Reached skill level 5 in Maces & Flails
  3912 | D:5      | Noticed Duvessa
  3913 | D:5      | Noticed Dowan
  3924 | D:5      | Killed Duvessa
  3927 | D:5      | Killed Dowan
  4177 | D:5      | Noticed Pikel
  4197 | D:5      | Killed Pikel
  4198 | D:5      | Reached XP level 8. HP: 11/70 MP: 7/7
  5430 | D:6      | Reached XP level 9. HP: 71/75 MP: 8/8
  5470 | D:6      | Found a bloodstained altar of Trog.
  5919 | D:7      | Found a white marble altar of Elyvilon.
  6352 | D:7      | Found a staircase to the Ecumenical Temple.
  6358 | Temple   | Entered the Ecumenical Temple
  6634 | Temple   | Became a worshipper of the Wu Jian Council
  6820 | D:7      | Found a snail-covered altar of Cheibriados.
  6960 | D:7      | Paralysed by a hornet for 2 turns
  7204 | D:7      | Reached skill level 5 in Dodging
  7400 | D:7      | Found a sparkling altar of Nemelex Xobeh.
  7591 | D:8      | Found a staircase to the Lair.
  7683 | D:8      | Reached * piety under Wu Jian
  7727 | D:8      | Reached XP level 10. HP: 75/86 MP: 9/9
  9049 | D:9      | Reached skill level 10 in Maces & Flails
  9394 | D:9      | Noticed a two-headed ogre
  9409 | D:9      | Killed a two-headed ogre
  9690 | D:9      | Noticed a two-headed ogre
  9698 | D:9      | Killed a two-headed ogre
  9929 | D:9      | Noticed a catoblepas
  9933 | D:9      | Noticed a death drake
  9934 | D:9      | Noticed a boulder beetle
 10390 | D:10     | Entered Level 10 of the Dungeon
 10401 | D:10     | Reached skill level 10 in Armour
 10437 | D:10     | Noticed Fannar
 10475 | D:10     | Killed Fannar
 10984 | D:10     | Reached XP level 11. HP: 95/95 MP: 10/10
 11511 | Lair:1   | Entered Level 1 of the Lair of Beasts
 11527 | Lair:1   | Noticed a six-headed hydra
 11537 | Lair:1   | Killed a six-headed hydra
 11932 | Lair:1   | Reached skill level 10 in Shields
 12756 | Lair:2   | Noticed a four-headed hydra
 12782 | Lair:2   | Mangled by a four-headed hydra

Illustrated notes

Levels and vault maps discovered:
D:1:      nicolae_arrival_memento_mori, layout_loops_ring, bh_walls_and_bars
D:2:      layout_basic, ebering_ecumenical_altar_ruins, minmay_crystal_room,
          uniq_robin
D:3:      layout_basic, fedhas_altar_3, regret_index_temple_of_mockery
D:4:      minmay_chambers_of_fours, layout_loops_ring,
          kennysheep_orc_sif_temple, hangedman_decor_clover_reticule,
          minmay_misc_feat_room, dk_noncrumbling_3, uniq_blork_the_orc
D:5:      layout_basic, nicolae_kikubaaqudgha_miasma_corner,
          ebering_ghost_sewer_f, uniq_duvessa, uniq_pikel
D:6:      layout_cave_pools, trog_butcher_becter
D:7:      layout_basic, elyvilon_altar_3, slow_altar_2,
          mainiacjoe_overflow_alcove_4, temple_green
D:8:      layout_gridville, lair_entry_dummy
D:9:      layout_grid_maze, serial_bayou_ford_a,
          onia_ninara_dug_in_and_dangerous
D:10:     layout_loops_ring, uniq_fannar
Temple:   nicolae_temple_figure_eight
Lair:1:   layout_misc_corridors, gammafunk_lair_bear_cave, grunt_megastairs_2
Lair:2:   layout_misc_corridors, nicolae_spider_entry_non_spiders,
          nicolae_quartered_pool_super, serial_bayou_shore_a, uniq_maggie

Skill      XL: |  1  2  3  4  5  6  7  8  9 10 11 |
---------------+----------------------------------+-----
Shields        | 4 5 6 8 9 10 | 10.2
Armour         | 4 5 6 7 9 10 11 | 11.1
Fighting       | 4 5 6 7 8 9 |  9.3
Polearms       | 3 |  3.2
Dodging        | 1 2 3 4 5 6 |  6.6
Maces & Flails | 1 2 4 7 8 9 11 | 11.8

Action                   |  1- 3 |  4- 6 |  7- 9 | 10-12 || total
-------------------------+-------+-------+-------+-------++-------
Melee: Trident           |   139 |       |       |       ||   139
       Headbutt          |    15 |    12 |    70 |    82 ||   179
       Whip              |     2 |    78 |   312 |   314 ||   706
Invok: Lunge             |       |       |     7 |    13 ||    20
       Whirlwind         |       |       |       |     6 ||     6
  Use: Scroll            |       |       |     6 |       ||     6
       Potion            |       |       |       |     4 ||     4
Armor: Scale mail        |    62 |    23 |    50 |       ||   135
       Chain mail        |       |       |    61 |   124 ||   185
Dodge: Dodged            |    38 |    20 |    77 |    76 ||   211
Block: Kite shield       |    83 |    27 |   139 |   112 ||   361
